AoeStats
← infinityishan

Black Forest

510580767Analyzed
4v4 RM · 11h ago on Oct 1, 2026· 32m 52s· 8 players
Game mode
Random Map
Map size
Large (8 player)
Population
200
Speed
Normal
Resources
Standard
Victory
Conquest
Starting age
Dark Age
Ending age
Imperial Age
RankedLock teamsTeams togetherTeam positionsShared explorationLock speedFull tech treeHidden civsTurbo modeCheats
Victory
Defeat
🇹🇷 Khmer · Türkiye
589
+15
🇦🇹 Britons · Austria
579
+16
🇩🇪 Tatars · Germany
569
+16
🇳🇱 Magyars · Netherlands
539
+18
🇦🇺 Ethiopians · Australia
597
-17
🇮🇳 Byzantines · India
585
-17
🇮🇳 Huns · India
582
-17
🇩🇪 Turks · Germany
525
-14
M_to_the_s
18:39 Feudal Age
19:05 Horse Collar
19:13 Double-Bit Axe
24:34 Gold Mining
27:52 Castle Age
32:34 Stone Mining
33:54 Wheelbarrow
StephTheDonut
12:21 Feudal Age
13:40 Double-Bit Axe
14:14 Arson
15:15 Wheelbarrow
14:57 Gold Mining
16:03 Man-at-Arms
18:23 Fletching
18:39 Scale Barding Armor
18:35 Padded Archer Armor
19:27 Bloodlines
21:24 Horse Collar
27:00 Castle Age
24:48 Loom
28:08 Bow Saw
28:00 Bodkin Arrow
28:22 Leather Archer Armor
28:28 Chain Barding Armor
28:11 Scale Mail Armor
27:59 Light Cavalry
30:04 Husbandry
31:18 Hand Cart
30:53 Town Watch
creutzfeld_jakob
9:28 Loom
15:22 Feudal Age
15:59 Horse Collar
16:11 Double-Bit Axe
18:38 Forging
24:21 Castle Age
22:35 Fletching
23:55 Padded Archer Armor
23:55 Scale Mail Armor
26:06 Bow Saw
25:50 Gold Mining
25:50 Stone Mining
26:06 Heavy Plow
27:12 Caravan
27:55 Iron Casting
27:16 Bodkin Arrow
27:37 Leather Archer Armor
27:37 Chain Mail Armor
33:57 Wheelbarrow
33:07 Town Watch
Floki
13:50 Feudal Age
16:36 Horse Collar
17:48 Double-Bit Axe
19:16 Forging
23:36 Castle Age
23:16 Wheelbarrow
24:58 Scale Barding Armor
24:55 Scale Mail Armor
24:49 Fletching
25:00 Padded Archer Armor
26:21 Iron Casting
26:08 Chain Barding Armor
27:01 Hand Cart
27:22 Husbandry
27:43 Gold Mining
infinityishan
1:27 Loom
13:09 Feudal Age
13:49 Horse Collar
13:59 Double-Bit Axe
14:53 Wheelbarrow
27:57 Castle Age
hangover
0:37 Loom
11:07 Feudal Age
12:19 Horse Collar
14:30 Wheelbarrow
14:53 Double-Bit Axe
23:05 Castle Age
24:18 Squires
24:04 Arson
27:57 Bow Saw
27:52 Gambesons
29:02 Man-at-Arms
31:02 Pikeman
BuffelBurak
5:11 Loom
18:57 Feudal Age
19:53 Horse Collar
20:06 Double-Bit Axe
20:34 Man-at-Arms
23:59 Wheelbarrow
23:50 Arson
24:18 Gold Mining
24:22 Stone Mining
28:29 Castle Age
28:56 Long Swordsman
29:37 Squires
29:54 Heavy Plow
31:46 Hand Cart
Brown Sugar
1:17 Loom
20:03 Feudal Age
20:42 Horse Collar
20:50 Double-Bit Axe
20:52 Town Watch
21:00 Gold Mining
21:01 Stone Mining
24:07 Castle Age
25:45 Stone Shaft Mining
25:47 Gold Shaft Mining
26:28 Wheelbarrow
Connection lost

Rejoining the realm…

Still unreachable

The connection could not be restored.

Session expired

The server has moved on; the page needs a fresh start.